Map: Overgrowth LE (Void)

Players

ShoWTimE

  • Race: Protoss Protoss
  • League: Master
  • Spawn Location: 7:00

liquidthermy (uThermal) - Winner!

  • Race: Terran Terran
  • League: Grandmaster
  • Spawn Location: 1:00

Event: NationWars IV

VOD

Have the link to the VOD?

Description

Time

  • Played on: Jan. 2, 2017, 4:05 p.m.
  • Length: 9:40

All games in this series

Show
View Real Time Build Order
Export as new Build Order

ShoWTimE Protoss 

Build Orders: 1 Gate Expand, Colossus Rush 

Get SALT Encoding   

  12  0:00  Probe (Chrono Boost)  
  13  0:11  Probe (Chrono Boost)  
  14  0:17  Pylon  
  14  0:22  Probe (Chrono Boost)  
  16  0:35  Probe (Chrono Boost)  
  16  0:36  Gateway  
  16  0:42  Assimilator  
  16  0:46  Probe (Chrono Boost)  
  17  0:56  Probe (Chrono Boost)  
  18  1:07  Probe (Chrono Boost)  
  19  1:19  Nexus  
  19  1:21  Probe (Chrono Boost)  
  20  1:31  Cybernetics Core  
  20  1:33  Probe (Chrono Boost)  
  20  1:38  Assimilator  
  21  1:49  Probe (Chrono Boost), Pylon  
  22  1:58  Warp Gate  
  22  2:00  Probe (Chrono Boost)  
  23  2:03  Adept  
  25  2:12  Probe (Chrono Boost)  
  28  2:25  Mothership Core (Chrono Boost)  
  28  2:36  Probe (Chrono Boost)  
  30  2:44  Probe (Chrono Boost)  
  30  2:46  Probe (Chrono Boost)  
  30  2:47  Robotics Facility  
  30  2:48  Adept  
  33  2:56  Probe (Chrono Boost)  
  33  2:57  Probe (Chrono Boost)  
  35  3:07  Probe (Chrono Boost), Gateway  
  35  3:08  Probe (Chrono Boost)  
  35  3:09  Gateway  
  37  3:14  Pylon  
  37  3:18  Probe (Chrono Boost)  
  38  3:23  Probe (Chrono Boost)  
  39  3:29  Probe (Chrono Boost)  
  39  3:31  Assimilator, Observer  
  42  3:35  Probe (Chrono Boost), Assimilator  
  42  3:38  Pylon  
  43  3:41  Probe (Chrono Boost)  
  43  3:47  Probe (Chrono Boost), Robotics Bay  
  44  3:50  Observer  
  44  3:53  Probe (Chrono Boost)  
  46  3:59  Probe (Chrono Boost), Pylon  
  47  4:05  Probe (Chrono Boost)  
  47  4:09  Probe (Chrono Boost), Observer  
  49  4:10  Stalker x2  
  49  4:16  Stalker  
  57  4:17  Probe (Chrono Boost)  
  57  4:20  Probe (Chrono Boost)  
  58  4:27  Pylon  
  58  4:29  Probe (Chrono Boost)  
  58  4:30  Probe (Chrono Boost), Colossus  
  66  4:42  Extended Thermal Lance, Probe (Chrono Boost)  
  66  4:43  Probe (Chrono Boost)  
  67  4:46  Pylon  
  67  4:51  Pylon  
  67  5:05  Probe x2 (Chrono Boost)  
  69  5:10  Nexus  
  69  5:13  Pylon  
  69  5:17  Colossus  
  69  5:18  Pylon  
  69  5:20  Stalker  
  76  5:32  Probe x2 (Chrono Boost), Gateway  
  76  5:34  Gateway  
  78  5:35  Sentry  
  78  5:36  Sentry  
  82  5:44  Gateway  
  82  5:47  Pylon  
  82  5:54  Nexus  
  82  6:02  Adept x2  
  82  6:03  Adept  
  88  6:07  Probe x2 (Chrono Boost)  
  80  6:11  Colossus  
  74  6:19  Probe x2 (Chrono Boost)  
  80  6:29  Twilight Council  
  80  6:31  Probe (Chrono Boost), Stalker  
  80  6:32  Forge  
  83  6:35  Sentry x2  
  87  6:41  Stalker x2  
  87  6:45  Stalker  
  92  7:02  Pylon  
  92  7:03  Stalker x2  
  92  7:04  Stalker  
  92  7:07  Stalker  
  100  7:10  Stalker  
  97  7:17  Adept  
  95  7:25  Warp Prism  
  83  7:30  Stalker  
  83  7:31  Stalker x3  
  83  7:34  Adept  
  93  7:38  Adept  
  95  7:51  Nexus  
  95  7:52  Pylon  
  91  8:01  Stalker x4  
  91  8:15  Stalker  
  93  8:21  Stalker  
  95  8:30  Sentry  
  95  8:33  Sentry  
  99  8:53  Stalker  
  101  8:56  Sentry  
  103  9:03  Adept  
  93  9:18  Mothership Core (Chrono Boost)  
  81  9:28  Adept  
  81  9:29  Adept x2  
Show
View Real Time Build Order
Export as new Build Order

liquidthermy Terran - Winner!

Build Orders: Reaper Expand, MMM Bio 

Get SALT Encoding   

  12  0:01  SCV  
  13  0:13  SCV  
  14  0:18  Supply Depot  
  14  0:25  SCV  
  15  0:40  SCV  
  15  0:41  Barracks  
  16  0:45  Refinery  
  16  0:52  SCV  
  17  1:04  SCV  
  18  1:16  SCV  
  19  1:28  Orbital Command, Reaper  
  20  1:45  Command Center  
  20  1:53  Barracks  
  21  1:54  SCV  
  21  2:00  Barracks Reactor  
  21  2:06  SCV  
  22  2:10  Supply Depot  
  22  2:18  SCV  
  22  2:19  Refinery  
  23  2:31  SCV  
  23  2:35  Factory  
  24  2:39  Marine  
  24  2:40  Marine  
  24  2:41  Barracks Tech Lab  
  26  2:45  SCV  
  27  2:57  Marine, SCV  
  30  2:59  Orbital Command  
  30  3:00  Marine  
  30  3:01  Marine  
  30  3:02  Stimpack  
  31  3:09  SCV  
  32  3:15  Marine  
  32  3:18  Marine  
  34  3:22  Starport  
  34  3:26  Factory Reactor  
  34  3:29  Marine  
  34  3:31  SCV  
  34  3:32  SCV  
  34  3:33  Marine  
  37  3:36  Marine  
  37  3:38  Engineering Bay  
  38  3:43  SCV  
  38  3:48  Marine  
  39  3:51  Marine, Supply Depot  
  39  3:53  Marine  
  42  3:56  SCV  
  42  3:57  SCV  
  44  4:08  Factory Tech Lab  
  44  4:09  Medivac  
  46  4:12  SCV x2, Marine x2, Medivac  
  46  4:13  Marine  
  53  4:17  Supply Depot  
  53  4:22  Missile Turret  
  53  4:25  Missile Turret  
  53  4:31  Supply Depot  
  53  4:32  Refinery  
  53  4:34  SCV  
  54  4:39  Marine  
  54  4:40  SCV  
  56  4:46  Siege Tank  
  56  4:47  SCV  
  56  4:51  Marine  
  56  4:52  Supply Depot, SCV  
  62  4:53  Marine  
  62  4:57  Marine  
  64  5:02  SCV  
  64  5:03  Combat Shields  
  64  5:04  SCV  
  66  5:09  Marine  
  66  5:11  Marine  
  68  5:14  SCV  
  68  5:16  Liberator  
  68  5:18  Siege Tank  
  68  5:19  Marine  
  68  5:21  SCV  
  74  5:26  SCV  
  74  5:27  Marine, Liberator  
  78  5:35  Supply Depot  
  78  5:37  Marine x2  
  80  5:43  SCV x2  
  85  5:50  Supply Depot  
  85  5:55  SCV  
  86  5:59  Marine x3  
  86  6:01  SCV  
  90  6:07  SCV  
  83  6:13  SCV, Liberator  
  83  6:17  Marine  
  83  6:18  Liberator  
  75  6:19  SCV  
  75  6:25  Concussive Shells, SCV  
  76  6:28  Barracks  
  76  6:31  Command Center  
  80  6:37  Marine, SCV  
  80  6:39  Marine  
  86  6:44  SCV  
  87  6:49  SCV  
  87  6:51  Marine  
  89  6:56  SCV  
  89  6:57  Barracks, Terran Infantry Weapons Level 1  
  89  6:58  Barracks  
  89  7:01  SCV  
  91  7:02  Marine  
  91  7:03  Marine  
  91  7:05  Factory Reactor  
  91  7:08  SCV  
  94  7:13  Refinery  
  95  7:15  SCV  
  95  7:17  Supply Depot  
  95  7:21  Medivac x2  
  94  7:23  SCV  
  94  7:27  SCV  
  84  7:34  Marauder x2, Marine x2  
  84  7:36  SCV  
  85  7:45  Liberator  
  85  7:47  Barracks Tech Lab, Barracks Reactor  
  85  7:52  Widow Mine x2  
  85  7:54  Marine x2  
  85  7:56  Marauder  
  83  8:13  Marine x2  
  83  8:14  Marauder x2  
  83  8:17  Marine  
  90  8:21  Widow Mine  
  90  8:27  Marine  
  92  8:30  Marine  
  92  8:31  Marine  
  95  8:35  Marauder  
  95  8:38  Marine  
  95  8:39  Marine  
  97  8:49  Marine  
  97  8:50  Marauder  
  97  8:55  Marine  
  95  9:04  Marine x2  
  95  9:07  Marine  
  98  9:10  Marine  
Tags
 
Add a new tag
Caveats
  • Supply blocks, unpowered buildings, or Contaminate may cause inaccurate times.
  • Supply counts are checked every 10 seconds.